General information
			
			
        
        - name: BNet
 
        - type: Ladder team game (AT/RT)
 
        - host: Battle.net
 
        - saver: BEAR_AND
 
        
map: Friends 
        - players: 8
 
        - length: 98:57
 
        - speed: Fast
 - version: 1.21 W3XP
 - replay type:  

 
» download(760 KB)
Players
        team 1 (loser) 
              
              
monKEYspanKING (
red | 32 APM | 2859 actions | 90:16)
              
 3 Blood Mage 
 2 Flame Strike
 1 Siphon Mana
 1 Pandaren Brewmaster 
 1 Breath of Fire
 
                » actions 
                
                | Basic commands | 6 |  | 
| Build / train | 245 |  | 
| Enter build submenu | 74 |  | 
| Enter hero's abilities submenu | 5 |  | 
| Right click | 804 |  | 
| Select / deselect | 612 |  | 
| Use ability | 1113 |  | 
                2859 total
 » units 
                » upgrades
                
                | Masonry | 3 |  | 
| Lumber Harvesting | 2 |  | 
| Magic Sentry | 1 |  | 
                6 total
 » buildings
                
                | Altar of Kings | 1 |  | 
| Farm | 9 |  | 
| Lumber Mill | 4 |  | 
| Scout Tower | 1036 |  | 
| Arcane Tower | 4 |  | 
| Guard Tower | 132 |  | 
| Town Hall | 2 |  | 
| Keep | 3 |  | 
| Castle | 1 |  | 
| Arcane Sanctum | 2 |  | 
| Blacksmith | 1 |  | 
| Arcane Vault | 1 |  | 
                1196 total
 » build order
                00:19 Altar of Kings
00:23 Farm
00:54 Lumber Mill
01:21 Scout Tower
01:23 Scout Tower
01:40 Scout Tower
01:42 Scout Tower
01:43 Scout Tower
01:59 Arcane Tower
02:17 Arcane Tower
02:26 Scout Tower
02:41 Guard Tower
03:01 Scout Tower
03:05 Guard Tower
03:10 Guard Tower
03:18 Farm
03:19 Farm
03:20 Farm
03:37 Scout Tower
03:39 Guard Tower
03:39 Guard Tower
03:47 Farm
03:54 Scout Tower
04:18 Scout Tower
04:20 Scout Tower
04:26 Guard Tower
04:43 Scout Tower
04:44 Scout Tower
04:52 Guard Tower
04:57 Arcane Tower
04:59 Guard Tower
05:02 Scout Tower
05:02 Scout Tower
05:12 Scout Tower
05:44 Guard Tower
05:44 Guard Tower
05:48 Scout Tower
06:20 Guard Tower
06:35 Scout Tower
06:36 Scout Tower
06:37 Scout Tower
06:38 Scout Tower
06:39 Scout Tower
06:40 Scout Tower
06:41 Scout Tower
06:42 Scout Tower
06:43 Scout Tower
07:22 Town Hall
07:43 Guard Tower
08:12 Scout Tower
08:13 Scout Tower
08:14 Scout Tower
08:15 Scout Tower
08:16 Scout Tower
08:17 Scout Tower
08:20 Scout Tower
08:23 Scout Tower
08:25 Scout Tower
08:26 Scout Tower
08:33 Scout Tower
08:36 Scout Tower
08:37 Scout Tower
08:38 Scout Tower
08:39 Scout Tower
08:49 Scout Tower
08:50 Scout Tower
08:51 Scout Tower
08:52 Scout Tower
08:53 Scout Tower
08:53 Scout Tower
09:05 Guard Tower
09:16 Keep
09:16 Keep
09:29 Guard Tower
09:35 Guard Tower
09:43 Guard Tower
09:43 Guard Tower
09:50 Scout Tower
09:52 Scout Tower
09:52 Scout Tower
09:54 Scout Tower
09:55 Scout Tower
09:57 Scout Tower
09:59 Scout Tower
10:02 Scout Tower
10:02 Scout Tower
10:03 Scout Tower
10:05 Scout Tower
10:05 Scout Tower
10:07 Scout Tower
10:09 Scout Tower
10:11 Scout Tower
10:12 Scout Tower
10:13 Scout Tower
10:14 Scout Tower
10:22 Guard Tower
10:27 Guard Tower
10:36 Guard Tower
10:43 Guard Tower
10:52 Guard Tower
10:57 Scout Tower
10:58 Scout Tower
10:59 Scout Tower
11:10 Guard Tower
11:18 Scout Tower
11:20 Scout Tower
11:21 Scout Tower
11:23 Scout Tower
11:23 Scout Tower
11:24 Scout Tower
11:27 Scout Tower
11:27 Scout Tower
11:28 Scout Tower
11:30 Scout Tower
11:31 Scout Tower
11:32 Scout Tower
11:33 Scout Tower
11:36 Scout Tower
11:42 Guard Tower
11:52 Guard Tower
12:05 Guard Tower
12:33 Guard Tower
12:39 Scout Tower
12:40 Scout Tower
12:41 Scout Tower
12:42 Scout Tower
12:44 Scout Tower
12:45 Scout Tower
12:56 Scout Tower
12:57 Scout Tower
12:59 Scout Tower
13:00 Scout Tower
13:02 Scout Tower
13:04 Scout Tower
13:06 Scout Tower
13:07 Scout Tower
13:20 Guard Tower
13:20 Guard Tower
13:27 Guard Tower
13:47 Guard Tower
14:03 Guard Tower
14:26 Scout Tower
14:27 Scout Tower
14:29 Scout Tower
14:41 Scout Tower
14:42 Scout Tower
14:43 Scout Tower
14:44 Scout Tower
14:47 Scout Tower
14:48 Scout Tower
14:50 Scout Tower
14:51 Scout Tower
15:01 Guard Tower
15:09 Castle
15:16 Guard Tower
15:16 Guard Tower
15:23 Guard Tower
15:33 Arcane Sanctum
15:47 Guard Tower
16:28 Arcane Sanctum
17:39 Scout Tower
17:39 Scout Tower
17:40 Scout Tower
17:41 Scout Tower
17:41 Scout Tower
17:42 Scout Tower
17:43 Scout Tower
17:44 Scout Tower
17:45 Scout Tower
17:45 Scout Tower
18:38 Scout Tower
18:39 Scout Tower
18:40 Scout Tower
19:05 Guard Tower
19:20 Scout Tower
19:22 Scout Tower
19:23 Scout Tower
19:25 Scout Tower
19:26 Scout Tower
19:27 Scout Tower
19:28 Scout Tower
19:30 Scout Tower
19:31 Scout Tower
19:32 Scout Tower
19:33 Scout Tower
19:35 Scout Tower
19:36 Scout Tower
19:37 Scout Tower
19:39 Scout Tower
19:40 Scout Tower
19:40 Scout Tower
19:43 Scout Tower
19:45 Scout Tower
19:46 Scout Tower
19:47 Scout Tower
19:49 Scout Tower
19:50 Guard Tower
20:07 Scout Tower
20:07 Scout Tower
20:08 Scout Tower
20:09 Scout Tower
20:10 Scout Tower
20:13 Scout Tower
20:13 Scout Tower
20:15 Scout Tower
20:17 Scout Tower
20:18 Scout Tower
20:19 Scout Tower
20:20 Scout Tower
20:20 Scout Tower
20:21 Scout Tower
20:22 Scout Tower
20:23 Scout Tower
20:26 Scout Tower
20:26 Scout Tower
20:30 Guard Tower
20:36 Scout Tower
20:38 Scout Tower
20:40 Scout Tower
20:40 Scout Tower
20:41 Scout Tower
20:42 Scout Tower
20:43 Scout Tower
20:43 Scout Tower
20:44 Scout Tower
20:45 Scout Tower
20:57 Guard Tower
21:07 Guard Tower
21:10 Guard Tower
21:15 Guard Tower
21:38 Scout Tower
21:39 Scout Tower
21:40 Scout Tower
21:42 Scout Tower
21:44 Scout Tower
21:46 Scout Tower
21:47 Scout Tower
21:49 Scout Tower
21:50 Scout Tower
21:51 Scout Tower
21:52 Scout Tower
21:54 Scout Tower
21:55 Scout Tower
21:55 Scout Tower
21:57 Scout Tower
22:04 Guard Tower
22:15 Guard Tower
22:28 Scout Tower
22:29 Scout Tower
22:31 Scout Tower
22:32 Scout Tower
22:34 Scout Tower
22:35 Scout Tower
22:49 Scout Tower
22:50 Scout Tower
22:52 Scout Tower
22:53 Scout Tower
22:54 Scout Tower
22:55 Scout Tower
22:59 Guard Tower
23:13 Arcane Tower
23:17 Scout Tower
23:18 Scout Tower
23:19 Scout Tower
23:20 Scout Tower
23:21 Scout Tower
23:22 Scout Tower
23:24 Scout Tower
23:25 Scout Tower
23:27 Scout Tower
23:28 Scout Tower
23:29 Scout Tower
23:29 Scout Tower
23:30 Scout Tower
23:31 Scout Tower
23:32 Scout Tower
23:33 Scout Tower
23:37 Guard Tower
24:07 Scout Tower
24:09 Scout Tower
24:11 Scout Tower
24:12 Scout Tower
24:15 Scout Tower
24:17 Scout Tower
24:18 Scout Tower
24:22 Scout Tower
24:24 Scout Tower
24:26 Scout Tower
24:28 Scout Tower
24:29 Scout Tower
24:31 Scout Tower
24:32 Scout Tower
24:33 Scout Tower
24:34 Scout Tower
24:35 Scout Tower
24:37 Scout Tower
24:38 Scout Tower
24:39 Scout Tower
24:41 Guard Tower
24:45 Guard Tower
25:18 Blacksmith
25:34 Guard Tower
25:34 Guard Tower
25:49 Scout Tower
25:50 Scout Tower
25:51 Scout Tower
25:52 Scout Tower
25:53 Scout Tower
25:54 Scout Tower
25:55 Scout Tower
25:57 Scout Tower
25:58 Scout Tower
25:59 Scout Tower
26:04 Guard Tower
26:09 Scout Tower
26:10 Scout Tower
26:10 Scout Tower
26:12 Scout Tower
26:14 Scout Tower
26:15 Scout Tower
26:16 Scout Tower
26:30 Guard Tower
26:50 Guard Tower
26:58 Town Hall
27:13 Scout Tower
27:14 Scout Tower
27:15 Scout Tower
27:17 Scout Tower
27:18 Scout Tower
27:19 Scout Tower
27:21 Scout Tower
27:22 Scout Tower
27:23 Scout Tower
27:24 Scout Tower
27:25 Scout Tower
27:26 Scout Tower
27:27 Scout Tower
27:28 Scout Tower
27:30 Scout Tower
27:44 Scout Tower
27:45 Scout Tower
27:47 Scout Tower
27:48 Scout Tower
27:53 Guard Tower
28:15 Scout Tower
28:17 Scout Tower
28:19 Scout Tower
28:23 Scout Tower
28:24 Scout Tower
28:25 Scout Tower
28:26 Scout Tower
28:27 Scout Tower
28:28 Scout Tower
28:29 Scout Tower
28:30 Scout Tower
28:31 Scout Tower
28:33 Scout Tower
28:34 Scout Tower
28:35 Scout Tower
28:36 Scout Tower
28:38 Scout Tower
28:39 Scout Tower
28:40 Scout Tower
28:41 Scout Tower
28:43 Scout Tower
28:44 Scout Tower
28:45 Scout Tower
28:46 Scout Tower
28:47 Scout Tower
28:48 Scout Tower
29:18 Guard Tower
29:35 Scout Tower
29:36 Scout Tower
29:37 Scout Tower
29:38 Scout Tower
29:40 Scout Tower
29:42 Scout Tower
29:43 Scout Tower
29:45 Scout Tower
29:47 Scout Tower
29:48 Scout Tower
29:54 Guard Tower
29:54 Guard Tower
29:54 Guard Tower
30:20 Scout Tower
30:21 Scout Tower
30:22 Scout Tower
30:25 Scout Tower
30:26 Scout Tower
30:34 Lumber Mill
30:48 Guard Tower
31:19 Guard Tower
31:23 Guard Tower
31:29 Scout Tower
31:30 Scout Tower
31:31 Scout Tower
31:32 Scout Tower
31:33 Scout Tower
31:34 Scout Tower
31:36 Scout Tower
31:37 Scout Tower
32:14 Guard Tower
32:18 Guard Tower
32:21 Lumber Mill
32:50 Guard Tower
32:54 Scout Tower
32:56 Scout Tower
32:57 Scout Tower
32:58 Scout Tower
33:00 Scout Tower
33:00 Scout Tower
33:01 Scout Tower
33:02 Scout Tower
33:44 Scout Tower
33:45 Scout Tower
33:46 Scout Tower
33:47 Scout Tower
33:48 Scout Tower
33:49 Scout Tower
33:51 Scout Tower
33:52 Scout Tower
33:53 Scout Tower
34:23 Guard Tower
34:39 Guard Tower
35:13 Arcane Vault
35:38 Farm
35:39 Farm
35:40 Farm
35:41 Farm
36:27 Scout Tower
36:28 Scout Tower
36:29 Scout Tower
36:30 Scout Tower
36:31 Scout Tower
36:33 Scout Tower
36:34 Scout Tower
36:36 Scout Tower
36:38 Scout Tower
36:40 Scout Tower
36:42 Scout Tower
36:42 Scout Tower
36:44 Scout Tower
36:45 Scout Tower
36:46 Scout Tower
36:47 Scout Tower
36:48 Scout Tower
36:49 Scout Tower
36:50 Scout Tower
36:52 Scout Tower
36:54 Scout Tower
36:55 Scout Tower
36:56 Scout Tower
36:58 Scout Tower
37:01 Scout Tower
37:01 Scout Tower
37:02 Scout Tower
37:03 Scout Tower
37:04 Scout Tower
37:05 Scout Tower
37:06 Scout Tower
37:07 Scout Tower
37:09 Scout Tower
37:09 Scout Tower
37:12 Scout Tower
37:13 Scout Tower
37:42 Scout Tower
37:44 Scout Tower
37:46 Scout Tower
37:47 Scout Tower
37:48 Scout Tower
37:50 Scout Tower
37:52 Scout Tower
37:53 Scout Tower
37:54 Scout Tower
37:55 Scout Tower
37:58 Scout Tower
37:58 Scout Tower
38:02 Scout Tower
38:03 Scout Tower
38:06 Scout Tower
38:06 Scout Tower
38:08 Scout Tower
38:09 Scout Tower
38:12 Scout Tower
38:15 Scout Tower
38:16 Scout Tower
38:17 Scout Tower
38:18 Scout Tower
38:20 Scout Tower
38:23 Scout Tower
38:25 Scout Tower
38:26 Scout Tower
38:27 Scout Tower
38:29 Scout Tower
38:30 Scout Tower
38:31 Scout Tower
38:32 Scout Tower
38:34 Scout Tower
38:35 Scout Tower
38:36 Scout Tower
38:37 Scout Tower
38:38 Scout Tower
38:39 Scout Tower
38:40 Scout Tower
38:43 Scout Tower
38:45 Scout Tower
38:47 Scout Tower
38:47 Scout Tower
38:48 Scout Tower
38:50 Scout Tower
38:51 Scout Tower
38:52 Scout Tower
38:53 Scout Tower
38:54 Scout Tower
38:57 Scout Tower
38:58 Scout Tower
38:59 Scout Tower
39:03 Scout Tower
39:03 Scout Tower
39:05 Scout Tower
39:06 Scout Tower
39:07 Scout Tower
39:07 Scout Tower
39:08 Scout Tower
39:09 Scout Tower
39:13 Scout Tower
39:14 Scout Tower
39:14 Scout Tower
39:16 Scout Tower
39:18 Scout Tower
39:19 Scout Tower
39:20 Scout Tower
39:21 Scout Tower
39:23 Scout Tower
39:24 Scout Tower
39:24 Scout Tower
39:26 Scout Tower
39:27 Scout Tower
39:28 Scout Tower
39:29 Scout Tower
39:30 Scout Tower
39:33 Scout Tower
39:33 Scout Tower
39:34 Scout Tower
39:35 Scout Tower
39:36 Scout Tower
39:38 Scout Tower
39:39 Scout Tower
39:40 Scout Tower
39:41 Scout Tower
39:41 Scout Tower
39:42 Scout Tower
39:43 Scout Tower
39:44 Scout Tower
39:44 Scout Tower
39:46 Scout Tower
39:47 Scout Tower
39:48 Scout Tower
39:50 Scout Tower
39:51 Scout Tower
39:51 Scout Tower
39:52 Scout Tower
39:53 Scout Tower
39:54 Scout Tower
39:55 Scout Tower
39:56 Scout Tower
39:57 Scout Tower
39:58 Scout Tower
39:59 Scout Tower
40:00 Scout Tower
40:02 Scout Tower
40:02 Scout Tower
40:03 Scout Tower
40:04 Scout Tower
40:05 Scout Tower
40:06 Scout Tower
40:07 Scout Tower
40:08 Scout Tower
40:09 Scout Tower
40:11 Scout Tower
40:12 Scout Tower
40:13 Scout Tower
40:14 Scout Tower
40:16 Scout Tower
40:18 Scout Tower
40:19 Scout Tower
40:20 Scout Tower
40:22 Scout Tower
40:22 Scout Tower
40:23 Scout Tower
40:25 Scout Tower
40:26 Scout Tower
40:27 Scout Tower
40:28 Scout Tower
40:29 Scout Tower
40:45 Guard Tower
41:01 Guard Tower
41:04 Scout Tower
41:05 Scout Tower
41:06 Scout Tower
41:07 Scout Tower
41:07 Scout Tower
41:08 Scout Tower
41:11 Scout Tower
41:11 Scout Tower
41:13 Scout Tower
41:14 Scout Tower
41:15 Scout Tower
41:16 Scout Tower
41:17 Scout Tower
41:19 Scout Tower
41:20 Scout Tower
41:22 Scout Tower
41:23 Scout Tower
41:24 Scout Tower
41:25 Scout Tower
41:26 Scout Tower
41:27 Scout Tower
41:28 Scout Tower
41:28 Scout Tower
41:30 Scout Tower
41:38 Scout Tower
41:39 Scout Tower
41:40 Scout Tower
41:40 Scout Tower
41:41 Scout Tower
41:42 Scout Tower
41:44 Scout Tower
41:45 Scout Tower
41:45 Scout Tower
41:46 Scout Tower
41:47 Scout Tower
41:48 Scout Tower
41:49 Scout Tower
41:49 Scout Tower
41:51 Scout Tower
41:52 Scout Tower
41:53 Scout Tower
41:53 Scout Tower
41:54 Scout Tower
41:55 Scout Tower
41:56 Scout Tower
41:57 Scout Tower
41:58 Scout Tower
41:58 Scout Tower
42:01 Scout Tower
42:03 Scout Tower
42:04 Scout Tower
42:04 Scout Tower
42:06 Scout Tower
42:07 Scout Tower
42:07 Scout Tower
42:08 Scout Tower
42:09 Scout Tower
42:10 Scout Tower
42:11 Scout Tower
42:12 Scout Tower
42:12 Scout Tower
42:13 Scout Tower
42:14 Scout Tower
42:16 Scout Tower
42:18 Scout Tower
42:19 Scout Tower
42:21 Scout Tower
42:22 Scout Tower
42:23 Scout Tower
42:24 Scout Tower
42:25 Scout Tower
42:28 Scout Tower
42:29 Scout Tower
42:30 Scout Tower
42:31 Scout Tower
42:32 Scout Tower
42:34 Scout Tower
42:35 Scout Tower
42:36 Scout Tower
42:37 Scout Tower
42:38 Scout Tower
42:39 Scout Tower
42:40 Scout Tower
42:41 Scout Tower
42:43 Scout Tower
42:44 Scout Tower
42:49 Scout Tower
42:51 Scout Tower
42:51 Scout Tower
42:53 Scout Tower
42:55 Scout Tower
42:56 Scout Tower
42:57 Scout Tower
42:59 Scout Tower
43:00 Scout Tower
43:01 Scout Tower
43:02 Scout Tower
43:03 Scout Tower
43:05 Scout Tower
43:06 Scout Tower
43:08 Scout Tower
43:09 Scout Tower
43:12 Scout Tower
43:12 Scout Tower
43:13 Scout Tower
43:16 Scout Tower
43:17 Scout Tower
43:18 Scout Tower
43:19 Scout Tower
43:20 Scout Tower
43:21 Scout Tower
43:23 Scout Tower
43:24 Scout Tower
43:25 Scout Tower
43:26 Scout Tower
43:28 Scout Tower
43:29 Scout Tower
43:35 Scout Tower
43:36 Scout Tower
43:37 Scout Tower
43:39 Scout Tower
43:40 Scout Tower
43:41 Scout Tower
43:42 Scout Tower
43:43 Scout Tower
43:45 Scout Tower
43:47 Scout Tower
43:48 Scout Tower
43:49 Scout Tower
43:51 Scout Tower
43:52 Scout Tower
43:54 Scout Tower
43:56 Scout Tower
43:57 Scout Tower
43:59 Scout Tower
44:03 Scout Tower
44:04 Scout Tower
44:05 Scout Tower
44:06 Scout Tower
44:06 Scout Tower
44:07 Scout Tower
44:09 Scout Tower
44:10 Scout Tower
44:11 Scout Tower
44:12 Scout Tower
44:13 Scout Tower
44:14 Scout Tower
44:16 Scout Tower
44:17 Scout Tower
44:18 Scout Tower
44:23 Scout Tower
44:25 Scout Tower
44:27 Scout Tower
44:28 Scout Tower
44:31 Scout Tower
44:31 Scout Tower
44:32 Scout Tower
44:34 Scout Tower
44:36 Scout Tower
44:37 Scout Tower
44:39 Scout Tower
44:40 Scout Tower
44:41 Scout Tower
44:42 Scout Tower
44:44 Scout Tower
44:46 Scout Tower
44:47 Scout Tower
44:49 Scout Tower
44:50 Scout Tower
44:51 Scout Tower
44:52 Scout Tower
44:53 Scout Tower
44:54 Scout Tower
44:55 Scout Tower
44:56 Scout Tower
44:58 Scout Tower
45:00 Scout Tower
45:00 Scout Tower
45:02 Scout Tower
45:03 Scout Tower
45:04 Scout Tower
45:06 Scout Tower
45:09 Scout Tower
45:09 Scout Tower
45:10 Scout Tower
45:12 Scout Tower
45:15 Scout Tower
45:15 Scout Tower
45:16 Scout Tower
45:18 Scout Tower
45:19 Scout Tower
45:20 Scout Tower
45:21 Scout Tower
45:22 Scout Tower
45:23 Scout Tower
45:24 Scout Tower
45:26 Scout Tower
45:27 Scout Tower
45:27 Scout Tower
45:28 Scout Tower
45:29 Scout Tower
45:32 Scout Tower
45:33 Scout Tower
45:33 Scout Tower
45:34 Scout Tower
45:35 Scout Tower
45:37 Scout Tower
45:38 Scout Tower
45:38 Scout Tower
45:39 Scout Tower
45:41 Scout Tower
45:48 Scout Tower
45:49 Scout Tower
45:51 Scout Tower
45:51 Scout Tower
45:53 Scout Tower
45:54 Scout Tower
45:54 Scout Tower
45:59 Scout Tower
46:00 Scout Tower
46:01 Scout Tower
46:02 Scout Tower
46:04 Scout Tower
46:05 Scout Tower
46:06 Scout Tower
46:09 Scout Tower
46:11 Scout Tower
46:12 Scout Tower
46:14 Scout Tower
46:14 Scout Tower
46:15 Scout Tower
46:18 Scout Tower
46:18 Scout Tower
46:19 Scout Tower
46:21 Scout Tower
46:26 Guard Tower
46:29 Guard Tower
46:31 Guard Tower
46:34 Guard Tower
46:37 Guard Tower
46:42 Guard Tower
46:45 Guard Tower
46:49 Guard Tower
46:50 Guard Tower
47:03 Guard Tower
47:33 Scout Tower
47:35 Scout Tower
47:35 Scout Tower
47:36 Scout Tower
47:38 Scout Tower
47:39 Scout Tower
47:39 Scout Tower
47:40 Scout Tower
47:43 Scout Tower
47:50 Scout Tower
47:50 Scout Tower
47:52 Scout Tower
47:53 Scout Tower
47:54 Scout Tower
47:55 Scout Tower
47:56 Scout Tower
47:57 Scout Tower
47:58 Scout Tower
47:59 Scout Tower
48:00 Scout Tower
48:01 Scout Tower
48:02 Scout Tower
48:04 Scout Tower
48:06 Scout Tower
48:07 Scout Tower
48:08 Scout Tower
48:10 Scout Tower
48:12 Scout Tower
48:13 Scout Tower
48:14 Scout Tower
48:16 Scout Tower
48:17 Scout Tower
48:18 Scout Tower
48:20 Scout Tower
48:21 Scout Tower
48:23 Scout Tower
48:24 Scout Tower
48:27 Scout Tower
48:28 Scout Tower
48:29 Scout Tower
48:31 Scout Tower
48:38 Scout Tower
48:40 Scout Tower
48:42 Scout Tower
48:43 Scout Tower
48:44 Scout Tower
48:45 Scout Tower
48:46 Scout Tower
48:47 Scout Tower
48:48 Scout Tower
48:49 Scout Tower
48:51 Scout Tower
48:54 Scout Tower
48:55 Scout Tower
48:56 Scout Tower
48:58 Scout Tower
48:59 Scout Tower
49:03 Scout Tower
49:04 Scout Tower
49:05 Scout Tower
49:07 Scout Tower
49:07 Scout Tower
49:10 Scout Tower
49:11 Scout Tower
49:13 Scout Tower
49:14 Scout Tower
49:16 Scout Tower
49:18 Scout Tower
49:19 Scout Tower
49:22 Scout Tower
49:23 Scout Tower
49:24 Scout Tower
49:25 Scout Tower
49:26 Scout Tower
49:28 Scout Tower
49:28 Scout Tower
49:33 Scout Tower
49:34 Scout Tower
49:35 Scout Tower
49:36 Scout Tower
49:37 Scout Tower
49:40 Scout Tower
49:41 Scout Tower
49:42 Scout Tower
49:44 Scout Tower
49:45 Scout Tower
49:45 Scout Tower
49:46 Scout Tower
49:47 Scout Tower
49:48 Scout Tower
49:49 Scout Tower
49:50 Scout Tower
49:52 Scout Tower
49:53 Scout Tower
49:55 Scout Tower
49:55 Scout Tower
49:56 Scout Tower
49:57 Scout Tower
49:58 Scout Tower
49:59 Scout Tower
50:01 Scout Tower
50:02 Scout Tower
50:03 Scout Tower
50:04 Scout Tower
50:05 Scout Tower
50:06 Scout Tower
50:08 Scout Tower
50:09 Scout Tower
50:10 Scout Tower
50:19 Scout Tower
50:20 Scout Tower
50:21 Scout Tower
50:22 Scout Tower
50:23 Scout Tower
50:26 Scout Tower
50:26 Scout Tower
50:28 Scout Tower
50:30 Scout Tower
50:30 Scout Tower
50:31 Scout Tower
50:34 Scout Tower
50:37 Scout Tower
50:38 Scout Tower
50:39 Scout Tower
50:40 Scout Tower
50:41 Scout Tower
50:42 Scout Tower
50:49 Scout Tower
50:50 Scout Tower
50:53 Scout Tower
50:54 Scout Tower
50:55 Scout Tower
50:56 Scout Tower
50:57 Scout Tower
50:59 Scout Tower
51:00 Scout Tower
51:01 Scout Tower
51:02 Scout Tower
51:04 Scout Tower
51:06 Scout Tower
51:07 Scout Tower
51:09 Scout Tower
51:11 Scout Tower
51:12 Scout Tower
51:15 Scout Tower
51:16 Scout Tower
51:17 Scout Tower
51:18 Scout Tower
51:19 Scout Tower
51:20 Scout Tower
51:22 Scout Tower
51:23 Scout Tower
51:25 Scout Tower
51:26 Scout Tower
51:27 Scout Tower
51:28 Scout Tower
51:29 Scout Tower
51:30 Scout Tower
51:33 Scout Tower
51:34 Scout Tower
51:37 Scout Tower
51:39 Scout Tower
51:40 Scout Tower
51:41 Scout Tower
51:42 Scout Tower
51:43 Scout Tower
51:46 Scout Tower
51:47 Scout Tower
51:48 Scout Tower
51:50 Scout Tower
51:52 Scout Tower
51:53 Scout Tower
51:55 Scout Tower
51:56 Scout Tower
51:58 Scout Tower
51:59 Scout Tower
52:01 Scout Tower
52:03 Scout Tower
52:04 Scout Tower
52:06 Scout Tower
52:35 Guard Tower
52:40 Guard Tower
52:43 Guard Tower
52:45 Guard Tower
52:48 Guard Tower
52:51 Guard Tower
52:54 Guard Tower
52:57 Guard Tower
52:59 Guard Tower
53:05 Guard Tower
53:08 Guard Tower
53:13 Guard Tower
53:15 Guard Tower
53:18 Guard Tower
53:20 Guard Tower
53:46 Guard Tower
53:52 Guard Tower
53:59 Guard Tower
54:01 Guard Tower
54:03 Guard Tower
55:07 Lumber Mill
55:20 Guard Tower
55:25 Guard Tower
56:09 Guard Tower
56:12 Guard Tower
56:18 Guard Tower
56:20 Guard Tower
56:22 Guard Tower
56:27 Guard Tower
56:47 Scout Tower
56:48 Scout Tower
56:50 Scout Tower
56:53 Scout Tower
56:54 Scout Tower
56:56 Scout Tower
57:00 Scout Tower
57:01 Scout Tower
57:03 Scout Tower
57:04 Scout Tower
57:06 Scout Tower
57:08 Scout Tower
57:09 Scout Tower
57:13 Scout Tower
57:15 Scout Tower
57:17 Scout Tower
57:18 Scout Tower
57:20 Scout Tower
57:21 Scout Tower
57:23 Scout Tower
57:27 Scout Tower
57:30 Scout Tower
57:32 Scout Tower
57:34 Scout Tower
57:36 Scout Tower
57:37 Scout Tower
57:38 Scout Tower
57:40 Scout Tower
57:44 Scout Tower
57:45 Scout Tower
57:47 Scout Tower
57:50 Scout Tower
57:51 Scout Tower
57:52 Scout Tower
57:54 Scout Tower
57:55 Scout Tower
57:56 Scout Tower
57:58 Scout Tower
57:59 Scout Tower
58:00 Scout Tower
58:02 Scout Tower
58:03 Scout Tower
58:06 Scout Tower
58:07 Scout Tower
58:09 Scout Tower
58:13 Scout Tower
58:15 Scout Tower
58:16 Scout Tower
58:20 Scout Tower
58:21 Scout Tower
58:23 Scout Tower
58:24 Scout Tower
58:28 Scout Tower
58:29 Scout Tower
58:31 Scout Tower
58:33 Scout Tower
58:35 Scout Tower
58:36 Scout Tower
58:38 Scout Tower
58:39 Scout Tower
58:40 Scout Tower
58:43 Scout Tower
58:45 Scout Tower
58:48 Scout Tower
58:52 Scout Tower
58:53 Scout Tower
58:57 Scout Tower
58:58 Scout Tower
59:04 Scout Tower
59:06 Scout Tower
59:09 Scout Tower
59:11 Scout Tower
59:12 Scout Tower
59:14 Scout Tower
59:15 Scout Tower
59:17 Scout Tower
59:21 Scout Tower
59:23 Scout Tower
59:26 Scout Tower
59:28 Scout Tower
59:30 Scout Tower
59:32 Scout Tower
59:33 Scout Tower
59:35 Scout Tower
59:39 Scout Tower
59:41 Scout Tower
59:43 Scout Tower
59:44 Scout Tower
59:45 Scout Tower
59:48 Scout Tower
59:50 Scout Tower
59:51 Scout Tower
59:53 Scout Tower
59:57 Scout Tower
59:58 Scout Tower
60:02 Scout Tower
60:04 Scout Tower
60:08 Scout Tower
60:09 Scout Tower
60:11 Scout Tower
60:14 Scout Tower
60:15 Scout Tower
60:17 Scout Tower
60:18 Scout Tower
60:20 Scout Tower
60:23 Scout Tower
60:24 Scout Tower
60:26 Scout Tower
60:27 Scout Tower
60:28 Scout Tower
60:29 Scout Tower
60:31 Scout Tower
60:32 Scout Tower
60:35 Scout Tower
60:38 Scout Tower
60:39 Scout Tower
60:41 Scout Tower
60:42 Scout Tower
60:43 Scout Tower
60:45 Scout Tower
60:51 Guard Tower
60:54 Guard Tower
60:58 Guard Tower
61:03 Guard Tower
61:07 Guard Tower
61:14 Guard Tower
61:17 Guard Tower
61:21 Guard Tower
61:32 Guard Tower
61:39 Guard Tower
63:25 Guard Tower
63:31 Guard Tower
63:38 Guard Tower
63:44 Guard Tower
63:59 Guard Tower
64:02 Guard Tower
64:08 Guard Tower
67:14 Guard Tower
67:26 Guard Tower
67:45 Guard Tower
» items
                
                | Potion of Mana | 2 |  | 
| Orb of Venom | 1 |  | 
                3 total
  
               
              
              
MR.RAPE (
orange | 43 APM | 2565 actions | 59:23)
              
 2 Blood Mage 
 1 Flame Strike
 1 Siphon Mana
 
                » actions 
                
                | Assign group hotkey | 3 |  | 
| Basic commands | 11 |  | 
| Build / train | 138 |  | 
| ESC pressed | 13 |  | 
| Enter build submenu | 81 |  | 
| Enter hero's abilities submenu | 2 |  | 
| Right click | 1224 |  | 
| Select / deselect | 495 |  | 
| Select group hotkey | 347 |  | 
| Use ability | 251 |  | 
                2565 total
 » units 
                » upgrades
                
                | Masonry | 3 |  | 
| Lumber Harvesting | 2 |  | 
| Magic Sentry | 1 |  | 
                6 total
 » buildings
                
                | Lumber Mill | 3 |  | 
| Farm | 7 |  | 
| Altar of Kings | 1 |  | 
| Scout Tower | 186 |  | 
| Arcane Vault | 2 |  | 
| Arcane Tower | 3 |  | 
| Guard Tower | 32 |  | 
| Keep | 1 |  | 
| Castle | 1 |  | 
| Town Hall | 2 |  | 
| Arcane Sanctum | 1 |  | 
| Blacksmith | 1 |  | 
| Workshop | 1 |  | 
| Cannon Tower | 5 |  | 
                246 total
 » build order
                00:09 Lumber Mill
00:12 Farm
00:42 Altar of Kings
00:58 Farm
01:17 Scout Tower
01:28 Arcane Vault
01:32 Arcane Vault
01:54 Scout Tower
01:55 Scout Tower
02:09 Farm
02:13 Arcane Tower
02:28 Guard Tower
02:54 Arcane Tower
02:57 Scout Tower
02:58 Scout Tower
03:05 Scout Tower
03:06 Scout Tower
03:36 Arcane Tower
04:07 Guard Tower
04:43 Scout Tower
04:44 Scout Tower
04:45 Scout Tower
04:46 Scout Tower
04:47 Scout Tower
04:48 Scout Tower
04:50 Scout Tower
05:18 Scout Tower
05:19 Scout Tower
05:20 Scout Tower
05:20 Scout Tower
05:21 Scout Tower
05:22 Scout Tower
06:17 Guard Tower
07:00 Lumber Mill
07:01 Scout Tower
07:02 Scout Tower
07:03 Scout Tower
07:03 Scout Tower
07:04 Scout Tower
07:05 Scout Tower
07:06 Scout Tower
07:07 Scout Tower
07:07 Scout Tower
07:25 Scout Tower
07:26 Scout Tower
07:26 Scout Tower
07:27 Scout Tower
07:28 Scout Tower
07:28 Scout Tower
07:29 Scout Tower
07:58 Guard Tower
07:59 Guard Tower
08:31 Keep
08:40 Guard Tower
09:32 Scout Tower
09:34 Scout Tower
09:36 Scout Tower
09:37 Scout Tower
10:05 Guard Tower
10:07 Guard Tower
11:20 Scout Tower
11:22 Scout Tower
11:23 Scout Tower
11:23 Scout Tower
12:03 Guard Tower
12:18 Castle
12:26 Guard Tower
12:31 Scout Tower
12:31 Scout Tower
12:32 Scout Tower
12:44 Scout Tower
12:46 Scout Tower
12:47 Scout Tower
12:48 Scout Tower
12:49 Scout Tower
12:50 Scout Tower
12:51 Scout Tower
12:53 Scout Tower
12:53 Scout Tower
12:55 Scout Tower
12:56 Scout Tower
12:57 Scout Tower
13:11 Scout Tower
13:13 Scout Tower
13:15 Scout Tower
13:16 Scout Tower
13:21 Guard Tower
13:26 Guard Tower
14:41 Town Hall
14:53 Guard Tower
15:56 Guard Tower
16:22 Scout Tower
16:24 Scout Tower
16:24 Scout Tower
16:25 Scout Tower
16:27 Scout Tower
16:28 Scout Tower
16:29 Scout Tower
16:49 Scout Tower
16:50 Scout Tower
16:51 Scout Tower
17:23 Guard Tower
17:33 Guard Tower
17:49 Guard Tower
19:25 Farm
19:26 Farm
19:26 Farm
19:27 Farm
19:35 Guard Tower
19:46 Arcane Sanctum
19:54 Scout Tower
19:55 Scout Tower
19:56 Scout Tower
19:56 Scout Tower
19:57 Scout Tower
19:57 Scout Tower
19:58 Scout Tower
19:59 Scout Tower
19:59 Scout Tower
20:00 Scout Tower
20:01 Scout Tower
20:01 Scout Tower
20:03 Scout Tower
21:52 Scout Tower
21:55 Scout Tower
22:00 Scout Tower
22:01 Scout Tower
22:04 Scout Tower
22:05 Scout Tower
22:06 Scout Tower
22:07 Scout Tower
22:08 Scout Tower
22:09 Scout Tower
22:10 Scout Tower
22:10 Scout Tower
22:15 Scout Tower
22:15 Scout Tower
22:22 Town Hall
25:45 Blacksmith
26:11 Guard Tower
26:40 Scout Tower
26:42 Scout Tower
26:43 Scout Tower
26:48 Scout Tower
26:50 Scout Tower
27:26 Guard Tower
27:42 Guard Tower
27:50 Scout Tower
27:52 Scout Tower
27:55 Scout Tower
27:56 Scout Tower
27:57 Scout Tower
27:58 Scout Tower
27:59 Scout Tower
28:19 Scout Tower
28:22 Scout Tower
28:23 Scout Tower
28:25 Scout Tower
28:26 Scout Tower
28:27 Scout Tower
28:30 Scout Tower
28:31 Scout Tower
28:33 Scout Tower
28:35 Scout Tower
28:37 Scout Tower
28:50 Guard Tower
29:04 Guard Tower
29:18 Guard Tower
29:23 Scout Tower
29:24 Scout Tower
29:27 Scout Tower
29:28 Scout Tower
30:06 Workshop
31:16 Scout Tower
31:16 Scout Tower
31:17 Scout Tower
31:18 Scout Tower
31:20 Scout Tower
31:21 Scout Tower
31:22 Scout Tower
31:24 Scout Tower
32:05 Guard Tower
32:22 Scout Tower
32:24 Scout Tower
32:25 Scout Tower
32:26 Guard Tower
32:33 Cannon Tower
32:37 Cannon Tower
32:43 Scout Tower
33:06 Guard Tower
33:21 Lumber Mill
34:26 Scout Tower
34:26 Scout Tower
34:26 Scout Tower
34:27 Scout Tower
34:27 Scout Tower
34:27 Scout Tower
34:27 Scout Tower
34:28 Scout Tower
34:28 Scout Tower
34:29 Scout Tower
34:29 Scout Tower
34:29 Scout Tower
34:29 Scout Tower
34:30 Scout Tower
34:30 Scout Tower
34:30 Scout Tower
34:31 Scout Tower
35:41 Guard Tower
35:45 Guard Tower
36:27 Guard Tower
37:29 Scout Tower
37:31 Scout Tower
37:32 Scout Tower
37:35 Scout Tower
37:38 Scout Tower
37:39 Scout Tower
37:42 Scout Tower
37:44 Scout Tower
37:46 Scout Tower
38:22 Guard Tower
42:39 Scout Tower
42:41 Scout Tower
42:42 Scout Tower
42:44 Scout Tower
42:45 Scout Tower
42:48 Scout Tower
42:50 Scout Tower
42:52 Scout Tower
42:56 Scout Tower
42:58 Scout Tower
43:00 Scout Tower
43:03 Scout Tower
43:15 Cannon Tower
43:22 Cannon Tower
43:24 Cannon Tower
43:39 Guard Tower
51:40 Scout Tower
» items
                
                | Lesser Clarity Potion | 3 |  | 
| Scroll of Regeneration | 2 |  | 
| Mechanical Critter | 1 |  | 
                6 total
  
               
              
              
» 
smerb.com.com (
purple | 69 APM | 6785 actions | 98:37)
              
 7 Death Knight 
 3 Death Coil
 3 Unholy Aura
 1 Death Pact
 6 Lich 
 3 Frost Nova
 2 Dark Ritual
 1 Death and Decay
 6 Dreadlord 
 3 Carrion Swarm
 2 Sleep
 1 Inferno
 
                » actions 
                
                | Assign group hotkey | 43 |  | 
| Basic commands | 282 |  | 
| Build / train | 134 |  | 
| ESC pressed | 3 |  | 
| Enter build submenu | 32 |  | 
| Enter hero's abilities submenu | 19 |  | 
| Give item / drop item | 2 |  | 
| Right click | 2889 |  | 
| Select / deselect | 1048 |  | 
| Select group hotkey | 1871 |  | 
| Use ability | 462 |  | 
                6785 total
 » units 
                
                | Acolyte | 27 |  | 
| Ghoul | 4 |  | 
| Gargoyle | 1 |  | 
| Frost Wyrm | 11 |  | 
| Meatwagon | 5 |  | 
| Goblin Shredder | 1 |  | 
| Necromancer | 5 |  | 
| Obsidian Statue | 2 |  | 
| Crypt Fiend | 3 |  | 
| Ogre Mauler | 3 |  | 
                62 total
 » upgrades
                
                | Creature Attack | 3 |  | 
| Freezing Breath | 1 |  | 
| Creature Carapace | 2 |  | 
| Unholy Strength | 3 |  | 
| Exhume Corpses | 1 |  | 
| Disease Cloud | 1 |  | 
| Skeletal Mastery | 1 |  | 
| Skeletal Longevity | 1 |  | 
| Necromancer Training | 2 |  | 
| Unholy Armor | 3 |  | 
| Web | 1 |  | 
                19 total
 » buildings
                
                | Altar of Darkness | 1 |  | 
| Ziggurat | 11 |  | 
| Graveyard | 1 |  | 
| Nerubian Tower | 2 |  | 
| Crypt | 1 |  | 
| Tomb of Relics | 1 |  | 
| Spirit Tower | 6 |  | 
| Halls of the Dead | 1 |  | 
| Black Citadel | 3 |  | 
| Necropolis | 1 |  | 
| Sacrificial Pit | 1 |  | 
| Boneyard | 3 |  | 
| Slaughterhouse | 2 |  | 
| Temple of the Damned | 3 |  | 
| Scout Tower | 125 |  | 
| Farm | 1 |  | 
| Guard Tower | 2 |  | 
                165 total
 » build order
                00:18 Altar of Darkness
00:20 Ziggurat
00:44 Graveyard
01:12 Nerubian Tower
01:23 Ziggurat
01:27 Crypt
01:58 Tomb of Relics
02:56 Spirit Tower
04:35 Ziggurat
05:40 Halls of the Dead
07:49 Spirit Tower
07:50 Ziggurat
08:44 Black Citadel
08:44 Black Citadel
09:02 Ziggurat
10:44 Necropolis
10:48 Spirit Tower
10:48 Spirit Tower
10:49 Spirit Tower
11:56 Sacrificial Pit
14:02 Boneyard
14:03 Boneyard
14:04 Boneyard
20:07 Ziggurat
20:08 Ziggurat
20:10 Ziggurat
20:11 Ziggurat
21:28 Spirit Tower
21:29 Ziggurat
21:31 Ziggurat
27:11 Slaughterhouse
38:27 Slaughterhouse
38:28 Temple of the Damned
38:30 Temple of the Damned
39:30 Temple of the Damned
71:53 Scout Tower
71:54 Scout Tower
71:54 Scout Tower
71:55 Scout Tower
71:55 Scout Tower
71:57 Scout Tower
71:57 Scout Tower
71:58 Scout Tower
71:58 Scout Tower
71:59 Scout Tower
72:00 Scout Tower
72:01 Scout Tower
72:02 Scout Tower
72:03 Scout Tower
72:03 Scout Tower
72:05 Scout Tower
72:06 Scout Tower
72:07 Scout Tower
72:07 Scout Tower
72:08 Scout Tower
72:08 Scout Tower
72:11 Scout Tower
72:12 Scout Tower
72:12 Scout Tower
72:13 Scout Tower
72:13 Scout Tower
72:14 Scout Tower
72:14 Scout Tower
72:14 Scout Tower
72:14 Scout Tower
72:15 Scout Tower
72:15 Scout Tower
72:15 Scout Tower
72:15 Scout Tower
72:16 Scout Tower
72:16 Scout Tower
72:16 Scout Tower
72:17 Scout Tower
72:17 Scout Tower
72:17 Scout Tower
72:18 Scout Tower
72:18 Scout Tower
72:18 Scout Tower
72:18 Scout Tower
72:19 Scout Tower
72:19 Scout Tower
72:19 Scout Tower
72:20 Scout Tower
72:20 Scout Tower
72:20 Scout Tower
72:21 Scout Tower
72:21 Scout Tower
72:22 Scout Tower
72:22 Scout Tower
72:22 Scout Tower
72:23 Scout Tower
72:23 Scout Tower
72:55 Farm
73:07 Scout Tower
73:10 Scout Tower
73:12 Scout Tower
73:12 Scout Tower
73:13 Scout Tower
73:13 Scout Tower
73:14 Scout Tower
73:14 Scout Tower
73:15 Scout Tower
73:15 Scout Tower
73:16 Scout Tower
73:16 Scout Tower
73:16 Scout Tower
73:17 Scout Tower
73:17 Scout Tower
73:17 Scout Tower
73:18 Scout Tower
73:18 Scout Tower
73:19 Scout Tower
73:19 Scout Tower
73:19 Scout Tower
73:19 Scout Tower
73:20 Scout Tower
73:20 Scout Tower
73:20 Scout Tower
73:21 Scout Tower
73:21 Scout Tower
73:22 Scout Tower
73:22 Scout Tower
73:22 Scout Tower
73:23 Scout Tower
73:23 Scout Tower
73:24 Scout Tower
73:24 Scout Tower
73:24 Scout Tower
73:25 Scout Tower
73:25 Scout Tower
73:25 Scout Tower
73:26 Scout Tower
73:26 Scout Tower
73:26 Scout Tower
73:27 Scout Tower
73:27 Scout Tower
78:10 Guard Tower
78:10 Guard Tower
78:11 Scout Tower
78:12 Scout Tower
78:13 Scout Tower
78:14 Scout Tower
78:14 Scout Tower
78:15 Scout Tower
78:16 Scout Tower
78:17 Scout Tower
78:17 Scout Tower
78:18 Scout Tower
» items
                
                | Dust of Appearance | 1 |  | 
| Rod of Necromancy | 1 |  | 
| Orb of Corruption | 1 |  | 
| Orb of Fire | 1 |  | 
| Scroll of Town Portal | 4 |  | 
| Scroll of Regeneration | 1 |  | 
| Staff of Sanctuary | 1 |  | 
| Potion of Healing | 1 |  | 
| Runed Bracers | 1 |  | 
| Orb of Venom | 1 |  | 
| Belt of Giant Strength +6 | 1 |  | 
                14 total
  
               
              
              
TheNumber1-B (
pink | 90 APM | 8887 actions | 98:15)
              
 7 Pandaren Brewmaster 
 3 Breath of Fire
 3 Drunken Haze
 1 Storm Earth and Fire
 1 Blood Mage 
 1 Flame Strike
 
                » actions 
                
                | Assign group hotkey | 20 |  | 
| Basic commands | 34 |  | 
| Build / train | 194 |  | 
| ESC pressed | 4 |  | 
| Enter build submenu | 73 |  | 
| Enter hero's abilities submenu | 8 |  | 
| Give item / drop item | 1 |  | 
| Right click | 7179 |  | 
| Select / deselect | 831 |  | 
| Select group hotkey | 101 |  | 
| Use ability | 441 |  | 
                8887 total
 » units 
                
                | Wisp | 113 |  | 
| Goblin Shredder | 2 |  | 
| Goblin Zeppelin | 4 |  | 
| Goblin Sapper | 7 |  | 
| Forest Troll Shadow Priest | 1 |  | 
                127 total
 » upgrades
                » buildings
                
                | Altar of Elders | 1 |  | 
| Moon Well | 34 |  | 
| Hunter's Hall | 1 |  | 
| Tree of Ages | 1 |  | 
| Ancient of Wonders | 3 |  | 
| Tree of Eternity | 1 |  | 
| Tree of Life | 5 |  | 
| Ancient Protector | 24 |  | 
| Guard Tower | 3 |  | 
                73 total
 » build order
                00:10 Altar of Elders
00:19 Moon Well
01:14 Hunter's Hall
01:40 Moon Well
02:07 Moon Well
03:01 Moon Well
03:02 Moon Well
03:50 Moon Well
04:39 Moon Well
04:41 Moon Well
04:42 Moon Well
04:55 Moon Well
04:56 Moon Well
06:57 Tree of Ages
07:06 Moon Well
07:06 Moon Well
07:07 Moon Well
08:10 Moon Well
08:10 Moon Well
10:34 Moon Well
10:37 Moon Well
10:52 Ancient of Wonders
13:37 Moon Well
13:38 Moon Well
13:39 Moon Well
15:08 Tree of Eternity
19:32 Moon Well
19:33 Moon Well
20:18 Moon Well
20:19 Moon Well
20:19 Moon Well
20:20 Moon Well
21:40 Moon Well
21:42 Moon Well
22:24 Tree of Life
22:51 Tree of Life
23:46 Moon Well
23:47 Moon Well
23:50 Moon Well
26:11 Ancient of Wonders
27:22 Tree of Life
27:28 Moon Well
28:31 Ancient Protector
28:35 Ancient Protector
28:40 Ancient Protector
28:43 Ancient Protector
28:47 Ancient Protector
30:24 Ancient Protector
30:25 Ancient Protector
30:33 Ancient Protector
30:34 Ancient Protector
30:54 Ancient Protector
33:05 Tree of Life
34:55 Ancient of Wonders
45:00 Ancient Protector
45:02 Ancient Protector
45:06 Ancient Protector
45:07 Ancient Protector
46:18 Ancient Protector
46:19 Ancient Protector
46:19 Ancient Protector
46:20 Ancient Protector
46:21 Ancient Protector
46:23 Ancient Protector
46:23 Ancient Protector
46:25 Ancient Protector
46:25 Ancient Protector
46:25 Ancient Protector
49:50 Tree of Life
76:55 Moon Well
82:06 Guard Tower
82:13 Guard Tower
85:47 Guard Tower
» items
                
                | Scroll of Town Portal | 7 |  | 
| Orb of Venom | 2 |  | 
| Potion of Healing | 21 |  | 
| Potion of Mana | 8 |  | 
| Anti-magic Potion | 4 |  | 
| Moonstone | 1 |  | 
| Robe of the Magi +6 | 1 |  | 
| Potion of Restoration | 2 |  | 
| Mana Stone | 1 |  | 
| Scroll of Restoration | 1 |  | 
                48 total
  
               team 2 (winner) 
              
              
BEAR_AND (
teal | 83 APM | 8166 actions | 98:57)
              
 5 Archmage 
 3 Blizzard
 2 Brilliance Aura
 5 Blood Mage 
 3 Flame Strike
 2 Siphon Mana
 3 Mountain King 
 2 Storm Bolt
 1 Bash
 
                » actions 
                
                | Assign group hotkey | 24 |  | 
| Basic commands | 29 |  | 
| Build / train | 183 |  | 
| Enter build submenu | 117 |  | 
| Enter hero's abilities submenu | 13 |  | 
| Give item / drop item | 2 |  | 
| Remove unit from queue | 6 |  | 
| Right click | 5100 |  | 
| Select / deselect | 975 |  | 
| Select group hotkey | 1179 |  | 
| Use ability | 538 |  | 
                8166 total
 » units 
                
                | Peasant | 34 |  | 
| Goblin Zeppelin | 2 |  | 
| Sorceress | 2 |  | 
| Flying Machine | 10 |  | 
| Priest | 2 |  | 
| Siege Engine | 9 |  | 
                59 total
 » upgrades
                
                | Masonry | 3 |  | 
| Lumber Harvesting | 2 |  | 
| Magic Sentry | 1 |  | 
| Gunpowder | 3 |  | 
| Plating | 4 |  | 
| Sorceress Training | 1 |  | 
| Flak Cannons | 1 |  | 
| Flying Machine Bombs | 1 |  | 
| Priest Training | 2 |  | 
| Armor | 1 |  | 
| Barrage | 1 |  | 
                20 total
 » buildings
                
                | Altar of Kings | 1 |  | 
| Farm | 6 |  | 
| Lumber Mill | 2 |  | 
| Scout Tower | 121 |  | 
| Guard Tower | 65 |  | 
| Arcane Tower | 2 |  | 
| Keep | 3 |  | 
| Arcane Vault | 3 |  | 
| Blacksmith | 4 |  | 
| Arcane Sanctum | 1 |  | 
| Workshop | 13 |  | 
| Castle | 1 |  | 
| Town Hall | 2 |  | 
                224 total
 » build order
                00:09 Altar of Kings
00:16 Farm
00:31 Lumber Mill
01:05 Farm
01:48 Scout Tower
01:53 Scout Tower
02:00 Scout Tower
02:04 Scout Tower
02:33 Scout Tower
02:34 Guard Tower
02:35 Guard Tower
02:36 Scout Tower
03:05 Guard Tower
03:44 Guard Tower
03:46 Scout Tower
03:53 Scout Tower
04:22 Guard Tower
04:23 Arcane Tower
04:24 Scout Tower
04:26 Scout Tower
04:41 Scout Tower
04:55 Guard Tower
04:56 Scout Tower
05:28 Arcane Tower
05:28 Guard Tower
05:30 Scout Tower
05:30 Scout Tower
05:37 Scout Tower
05:59 Guard Tower
05:59 Guard Tower
06:01 Scout Tower
06:02 Scout Tower
06:14 Guard Tower
06:19 Scout Tower
06:19 Scout Tower
06:47 Scout Tower
06:48 Scout Tower
06:50 Guard Tower
06:52 Guard Tower
06:52 Guard Tower
06:58 Scout Tower
06:59 Scout Tower
07:04 Scout Tower
07:29 Guard Tower
07:31 Scout Tower
07:31 Guard Tower
07:43 Guard Tower
07:52 Guard Tower
08:00 Scout Tower
08:03 Scout Tower
08:18 Scout Tower
08:19 Scout Tower
08:25 Scout Tower
08:51 Guard Tower
09:22 Lumber Mill
09:35 Guard Tower
10:10 Guard Tower
10:33 Guard Tower
10:33 Guard Tower
10:41 Keep
10:41 Keep
11:10 Arcane Vault
11:24 Scout Tower
11:25 Scout Tower
11:25 Scout Tower
11:26 Scout Tower
11:26 Scout Tower
11:28 Scout Tower
11:29 Scout Tower
11:29 Scout Tower
11:56 Blacksmith
11:59 Guard Tower
12:04 Guard Tower
12:13 Scout Tower
12:15 Scout Tower
12:19 Guard Tower
12:33 Arcane Vault
12:34 Arcane Vault
12:35 Guard Tower
12:45 Guard Tower
13:03 Arcane Sanctum
13:08 Workshop
13:15 Guard Tower
13:22 Farm
13:28 Farm
13:56 Guard Tower
13:56 Guard Tower
14:11 Workshop
14:23 Guard Tower
14:36 Farm
14:37 Farm
15:12 Scout Tower
15:13 Scout Tower
15:14 Scout Tower
15:15 Scout Tower
15:48 Guard Tower
15:49 Guard Tower
15:51 Guard Tower
16:08 Castle
16:25 Guard Tower
17:15 Scout Tower
17:16 Scout Tower
17:17 Scout Tower
17:21 Workshop
17:51 Guard Tower
19:26 Guard Tower
21:08 Guard Tower
21:17 Scout Tower
21:20 Scout Tower
21:36 Scout Tower
21:38 Scout Tower
21:39 Scout Tower
21:39 Scout Tower
22:17 Guard Tower
22:30 Town Hall
22:42 Guard Tower
22:47 Scout Tower
22:51 Scout Tower
23:13 Guard Tower
23:24 Guard Tower
23:29 Scout Tower
23:40 Guard Tower
23:51 Scout Tower
24:10 Guard Tower
24:12 Scout Tower
24:13 Scout Tower
24:13 Scout Tower
24:14 Scout Tower
24:41 Guard Tower
24:46 Guard Tower
24:48 Scout Tower
24:49 Scout Tower
24:51 Scout Tower
24:52 Scout Tower
25:57 Guard Tower
25:59 Scout Tower
26:00 Scout Tower
26:29 Guard Tower
27:06 Scout Tower
27:07 Scout Tower
29:17 Guard Tower
31:05 Town Hall
31:20 Scout Tower
31:21 Scout Tower
31:22 Scout Tower
31:22 Scout Tower
31:24 Scout Tower
31:25 Scout Tower
31:58 Guard Tower
32:00 Guard Tower
33:03 Guard Tower
33:07 Scout Tower
33:08 Scout Tower
33:36 Guard Tower
34:39 Scout Tower
34:40 Scout Tower
34:42 Scout Tower
34:43 Scout Tower
34:44 Scout Tower
34:45 Scout Tower
34:46 Scout Tower
34:47 Scout Tower
34:48 Scout Tower
34:50 Scout Tower
35:07 Guard Tower
35:26 Scout Tower
35:27 Scout Tower
35:27 Scout Tower
35:28 Scout Tower
35:29 Scout Tower
35:30 Scout Tower
35:32 Scout Tower
35:33 Scout Tower
35:34 Scout Tower
35:35 Scout Tower
35:36 Scout Tower
35:37 Scout Tower
35:39 Guard Tower
36:41 Guard Tower
38:09 Guard Tower
41:28 Guard Tower
41:31 Guard Tower
44:42 Scout Tower
44:43 Scout Tower
44:44 Scout Tower
44:45 Scout Tower
44:47 Scout Tower
48:26 Blacksmith
48:33 Blacksmith
50:41 Scout Tower
52:56 Scout Tower
52:57 Scout Tower
52:59 Scout Tower
53:00 Scout Tower
53:02 Scout Tower
53:31 Guard Tower
54:54 Blacksmith
56:12 Scout Tower
56:13 Scout Tower
56:15 Scout Tower
56:18 Scout Tower
57:24 Guard Tower
57:37 Scout Tower
57:38 Scout Tower
57:39 Scout Tower
57:40 Scout Tower
57:43 Scout Tower
57:45 Scout Tower
57:49 Scout Tower
59:06 Guard Tower
63:35 Guard Tower
63:35 Guard Tower
81:25 Workshop
81:28 Workshop
81:30 Workshop
86:49 Workshop
87:17 Workshop
90:21 Workshop
90:23 Workshop
90:26 Workshop
90:28 Workshop
90:31 Workshop
» items
                
                | Scroll of Town Portal | 1 |  | 
| Staff of Sanctuary | 3 |  | 
| Inferno Stone | 2 |  | 
| Book of the Dead | 1 |  | 
| Mana Stone | 2 |  | 
| Sobi Mask | 1 |  | 
| Runed Bracers | 1 |  | 
                11 total
  
               
              
              
Gobiner (
blue | 44 APM | 4365 actions | 98:40)
              
 8 Blademaster 
 3 Wind Walk
 3 Critical Strike
 1 Bladestorm
 1 Mirror Image
 
                » actions 
                
                | Assign group hotkey | 13 |  | 
| Basic commands | 128 |  | 
| Build / train | 110 |  | 
| ESC pressed | 3 |  | 
| Enter build submenu | 168 |  | 
| Enter hero's abilities submenu | 8 |  | 
| Give item / drop item | 14 |  | 
| Remove unit from queue | 4 |  | 
| Right click | 2106 |  | 
| Select / deselect | 638 |  | 
| Select group hotkey | 665 |  | 
| Use ability | 506 |  | 
                4365 total
 » units 
                
                | Peon | 19 |  | 
| Troll Batrider | 8 |  | 
| Goblin Shredder | 4 |  | 
| Demolisher | 7 |  | 
                38 total
 » upgrades
                
                | Spiked Barricades | 3 |  | 
| Reinforced Defenses | 1 |  | 
| Pillage | 1 |  | 
| Backpack | 1 |  | 
| Liquid Fire | 1 |  | 
| Ranged Weapons | 3 |  | 
| Armor | 3 |  | 
| Envenomed Spears | 1 |  | 
| Ensnare | 1 |  | 
| War Drums Damage Increase | 1 |  | 
| Burning Oil | 1 |  | 
| Troll Regeneration | 1 |  | 
| Berserker Upgrade | 1 |  | 
| Berserker Strength | 1 |  | 
| Melee Weapons | 3 |  | 
| Shaman Training | 2 |  | 
| Witch Doctor Training | 2 |  | 
| Spirit Walker Training | 2 |  | 
| Pulverize | 1 |  | 
                30 total
 » buildings
                
                | Altar of Storms | 1 |  | 
| Orc Burrow | 4 |  | 
| War Mill | 2 |  | 
| Watch Tower | 146 |  | 
| Voodoo Lounge | 2 |  | 
| Stronghold | 1 |  | 
| Fortress | 1 |  | 
| Beastiary | 3 |  | 
| Great Hall | 1 |  | 
| Barracks | 1 |  | 
| Spirit Lodge | 1 |  | 
| Tauren Totem | 1 |  | 
                164 total
 » build order
                00:10 Altar of Storms
00:20 Orc Burrow
00:35 War Mill
01:47 Watch Tower
02:21 Watch Tower
02:33 Orc Burrow
03:03 Voodoo Lounge
03:19 Watch Tower
04:12 Watch Tower
04:14 Watch Tower
04:36 Watch Tower
04:58 Watch Tower
05:30 Watch Tower
05:57 Stronghold
06:21 Watch Tower
06:24 Watch Tower
06:26 Watch Tower
06:57 Watch Tower
06:58 Watch Tower
07:01 Watch Tower
07:03 Watch Tower
07:44 Watch Tower
07:47 Watch Tower
08:00 Watch Tower
08:07 Watch Tower
08:08 Watch Tower
08:09 Watch Tower
08:27 Fortress
08:56 Watch Tower
09:36 Watch Tower
09:58 Watch Tower
10:06 Watch Tower
10:26 Watch Tower
10:29 Watch Tower
10:45 Watch Tower
10:47 Watch Tower
12:24 Watch Tower
12:26 Watch Tower
12:27 Watch Tower
13:10 Beastiary
13:10 Beastiary
13:12 Beastiary
14:10 Watch Tower
14:10 Watch Tower
14:11 Watch Tower
14:12 Watch Tower
14:13 Watch Tower
14:14 Watch Tower
14:33 Great Hall
15:47 Orc Burrow
15:48 Orc Burrow
16:26 Watch Tower
16:28 Watch Tower
16:30 Watch Tower
17:49 War Mill
17:55 Watch Tower
17:55 Watch Tower
18:31 Watch Tower
20:02 Watch Tower
20:03 Watch Tower
20:04 Watch Tower
20:21 Barracks
21:21 Watch Tower
22:50 Watch Tower
22:50 Watch Tower
23:19 Watch Tower
23:48 Watch Tower
27:22 Watch Tower
28:46 Watch Tower
28:47 Watch Tower
28:49 Watch Tower
28:50 Watch Tower
30:28 Watch Tower
30:29 Watch Tower
30:30 Watch Tower
30:37 Watch Tower
31:47 Watch Tower
31:48 Watch Tower
31:50 Watch Tower
31:51 Watch Tower
33:35 Watch Tower
33:36 Watch Tower
33:37 Watch Tower
33:37 Watch Tower
34:54 Watch Tower
34:55 Watch Tower
34:55 Watch Tower
34:56 Watch Tower
36:32 Watch Tower
36:44 Watch Tower
36:45 Watch Tower
38:37 Watch Tower
42:03 Watch Tower
42:07 Watch Tower
42:09 Watch Tower
43:23 Watch Tower
46:52 Watch Tower
47:34 Watch Tower
47:36 Watch Tower
47:37 Watch Tower
48:49 Watch Tower
48:50 Watch Tower
48:55 Watch Tower
49:34 Watch Tower
51:09 Watch Tower
51:10 Watch Tower
51:11 Watch Tower
52:15 Watch Tower
52:16 Watch Tower
52:18 Watch Tower
55:09 Watch Tower
55:10 Watch Tower
56:10 Watch Tower
56:23 Watch Tower
56:24 Watch Tower
57:20 Watch Tower
57:41 Watch Tower
57:42 Watch Tower
58:24 Watch Tower
58:36 Watch Tower
58:40 Watch Tower
59:51 Watch Tower
59:53 Watch Tower
59:55 Watch Tower
61:17 Watch Tower
61:18 Watch Tower
61:19 Watch Tower
62:42 Watch Tower
62:45 Watch Tower
62:46 Watch Tower
63:47 Watch Tower
63:49 Watch Tower
63:52 Watch Tower
65:13 Watch Tower
65:13 Watch Tower
65:14 Watch Tower
66:29 Watch Tower
66:30 Watch Tower
66:30 Watch Tower
66:32 Watch Tower
66:33 Watch Tower
66:35 Watch Tower
66:37 Watch Tower
68:41 Watch Tower
68:43 Watch Tower
73:31 Watch Tower
73:33 Watch Tower
73:34 Watch Tower
75:15 Watch Tower
75:16 Watch Tower
75:17 Watch Tower
75:18 Watch Tower
77:03 Watch Tower
77:05 Watch Tower
77:24 Watch Tower
78:18 Watch Tower
78:22 Watch Tower
79:28 Watch Tower
79:31 Watch Tower
81:35 Watch Tower
81:42 Watch Tower
88:44 Spirit Lodge
90:18 Voodoo Lounge
92:19 Tauren Totem
» items
                
                | Lesser Clarity Potion | 5 |  | 
| Healing Salve | 5 |  | 
| Orb of Lightning | 1 |  | 
| Scourge Bone Chimes | 1 |  | 
| Potion of Mana | 1 |  | 
| Potion of Healing | 1 |  | 
| Belt of Giant Strength +6 | 1 |  | 
| Boots of Quel'Thalas +6 | 5 |  | 
| Potion of Divinity | 3 |  | 
| Inferno Stone | 3 |  | 
| Runed Bracers | 1 |  | 
                27 total
  
               
              
              
iggy_the_fisk (
yellow | 79 APM | 7836 actions | 98:39)
              
 6 Blademaster 
 3 Wind Walk
 2 Critical Strike
 1 Bladestorm
 1 Goblin Alchemist 
 1 Healing Spray
 
                » actions 
                
                | Assign group hotkey | 678 |  | 
| Basic commands | 43 |  | 
| Build / train | 124 |  | 
| Enter build submenu | 138 |  | 
| Enter hero's abilities submenu | 7 |  | 
| Remove unit from queue | 11 |  | 
| Right click | 4662 |  | 
| Select / deselect | 638 |  | 
| Select group hotkey | 1119 |  | 
| Use ability | 416 |  | 
                7836 total
 » units 
                
                | Peon | 42 |  | 
| Kodo Beast | 16 |  | 
| Demolisher | 2 |  | 
| Goblin Zeppelin | 7 |  | 
| Wind Rider | 2 |  | 
                69 total
 » upgrades
                
                | Spiked Barricades | 3 |  | 
| Reinforced Defenses | 1 |  | 
| Ranged Weapons | 3 |  | 
| Envenomed Spears | 1 |  | 
| War Drums Damage Increase | 1 |  | 
                9 total
 » buildings
                
                | Altar of Storms | 1 |  | 
| Orc Burrow | 7 |  | 
| War Mill | 1 |  | 
| Watch Tower | 122 |  | 
| Voodoo Lounge | 3 |  | 
| Stronghold | 4 |  | 
| Fortress | 1 |  | 
| Beastiary | 1 |  | 
| Great Hall | 2 |  | 
| Barracks | 1 |  | 
                143 total
 » build order
                00:08 Altar of Storms
00:15 Orc Burrow
00:49 War Mill
01:26 Orc Burrow
02:13 Watch Tower
02:24 Watch Tower
02:45 Watch Tower
03:37 Watch Tower
03:40 Watch Tower
03:49 Voodoo Lounge
04:19 Watch Tower
04:20 Watch Tower
04:24 Watch Tower
04:26 Watch Tower
04:38 Watch Tower
05:11 Watch Tower
05:12 Watch Tower
05:27 Watch Tower
05:56 Stronghold
05:56 Stronghold
05:57 Stronghold
05:57 Stronghold
06:16 Watch Tower
06:25 Watch Tower
06:42 Watch Tower
06:57 Watch Tower
07:45 Watch Tower
08:18 Fortress
08:32 Watch Tower
08:34 Watch Tower
08:36 Orc Burrow
09:28 Watch Tower
09:37 Watch Tower
09:39 Watch Tower
09:57 Beastiary
10:34 Great Hall
11:24 Watch Tower
11:26 Watch Tower
11:50 Watch Tower
11:54 Watch Tower
12:47 Barracks
14:06 Watch Tower
15:27 Watch Tower
15:29 Watch Tower
15:57 Watch Tower
16:56 Watch Tower
16:58 Watch Tower
17:15 Watch Tower
20:17 Watch Tower
20:18 Watch Tower
20:21 Watch Tower
24:07 Watch Tower
24:08 Watch Tower
24:56 Watch Tower
24:58 Watch Tower
25:15 Watch Tower
25:22 Watch Tower
25:50 Watch Tower
25:55 Watch Tower
25:58 Watch Tower
27:22 Watch Tower
27:23 Watch Tower
27:26 Watch Tower
29:23 Watch Tower
30:56 Watch Tower
31:05 Watch Tower
31:14 Watch Tower
31:18 Watch Tower
31:21 Watch Tower
31:32 Watch Tower
31:35 Watch Tower
31:39 Watch Tower
32:13 Watch Tower
32:15 Watch Tower
35:08 Orc Burrow
35:11 Orc Burrow
35:48 Watch Tower
36:04 Watch Tower
36:06 Orc Burrow
36:09 Orc Burrow
38:10 Watch Tower
38:13 Watch Tower
38:15 Watch Tower
39:22 Watch Tower
39:23 Watch Tower
39:27 Watch Tower
40:47 Watch Tower
40:49 Watch Tower
40:51 Watch Tower
40:54 Watch Tower
40:59 Watch Tower
42:02 Watch Tower
42:05 Watch Tower
42:13 Watch Tower
42:18 Watch Tower
42:26 Watch Tower
42:31 Voodoo Lounge
42:36 Watch Tower
42:39 Watch Tower
43:16 Watch Tower
43:18 Watch Tower
43:49 Watch Tower
43:56 Watch Tower
43:58 Watch Tower
44:00 Watch Tower
44:58 Watch Tower
45:06 Watch Tower
45:08 Watch Tower
45:14 Watch Tower
45:17 Watch Tower
45:21 Watch Tower
45:27 Watch Tower
46:00 Watch Tower
46:04 Watch Tower
46:15 Watch Tower
46:18 Watch Tower
46:20 Watch Tower
46:41 Watch Tower
46:42 Watch Tower
46:54 Watch Tower
46:56 Watch Tower
47:01 Watch Tower
47:32 Watch Tower
47:35 Watch Tower
47:39 Watch Tower
47:53 Watch Tower
48:32 Watch Tower
48:34 Watch Tower
48:35 Watch Tower
48:36 Watch Tower
48:37 Watch Tower
48:40 Watch Tower
48:43 Watch Tower
48:44 Watch Tower
48:48 Voodoo Lounge
48:51 Watch Tower
58:07 Watch Tower
58:11 Watch Tower
61:22 Watch Tower
61:25 Watch Tower
61:29 Watch Tower
61:32 Watch Tower
66:49 Great Hall
» items
                
                | Healing Salve | 9 |  | 
| Lesser Clarity Potion | 3 |  | 
| Orb of Lightning | 1 |  | 
| Staff of Sanctuary | 1 |  | 
| Scroll of Town Portal | 2 |  | 
| Potion of Healing | 5 |  | 
                21 total
  
               
              
              
TIMG4STRok (
green | 83 APM | 8157 actions | 98:40)
              
 7 Archmage 
 3 Blizzard
 3 Brilliance Aura
 1 Mass Teleport
 7 Pandaren Brewmaster 
 3 Breath of Fire
 3 Drunken Haze
 1 Storm Earth and Fire
 5 Pit Lord 
 3 Rain of Fire
 2 Howl of Terror
 
                » actions 
                
                | Assign group hotkey | 23 |  | 
| Basic commands | 97 |  | 
| Build / train | 184 |  | 
| ESC pressed | 7 |  | 
| Enter build submenu | 189 |  | 
| Enter hero's abilities submenu | 19 |  | 
| Give item / drop item | 5 |  | 
| Right click | 4201 |  | 
| Select / deselect | 638 |  | 
| Select group hotkey | 1922 |  | 
| Use ability | 871 |  | 
                8157 total
 » units 
                
                | Peasant | 26 |  | 
| Goblin Shredder | 2 |  | 
| Dragonhawk Rider | 6 |  | 
| Goblin Sapper | 1 |  | 
| Siege Engine | 1 |  | 
| Mortar Team | 4 |  | 
                40 total
 » upgrades
                
                | Masonry | 3 |  | 
| Lumber Harvesting | 2 |  | 
| Magic Sentry | 1 |  | 
| Cloud | 1 |  | 
| Armor | 3 |  | 
| Swords | 3 |  | 
| Animal War Training | 1 |  | 
| Gunpowder | 3 |  | 
| Plating | 3 |  | 
| Barrage | 1 |  | 
| Fragmentation Shards | 1 |  | 
| Flare | 1 |  | 
                23 total
 » buildings
                
                | Altar of Kings | 3 |  | 
| Farm | 9 |  | 
| Lumber Mill | 3 |  | 
| Scout Tower | 207 |  | 
| Arcane Tower | 6 |  | 
| Guard Tower | 70 |  | 
| Keep | 1 |  | 
| Blacksmith | 1 |  | 
| Gryphon Aviary | 2 |  | 
| Town Hall | 4 |  | 
| Arcane Sanctum | 1 |  | 
| Arcane Vault | 4 |  | 
| Castle | 1 |  | 
| Barracks | 1 |  | 
| Workshop | 18 |  | 
                331 total
 » build order
                00:05 Altar of Kings
00:19 Farm
00:28 Lumber Mill
01:14 Scout Tower
01:40 Scout Tower
01:43 Arcane Tower
01:45 Scout Tower
02:07 Farm
02:14 Guard Tower
03:12 Scout Tower
03:13 Scout Tower
03:15 Arcane Tower
03:17 Scout Tower
03:18 Scout Tower
03:19 Scout Tower
03:20 Scout Tower
03:29 Scout Tower
04:11 Guard Tower
04:35 Guard Tower
05:17 Scout Tower
05:18 Scout Tower
05:24 Farm
05:35 Guard Tower
05:37 Scout Tower
05:39 Scout Tower
05:40 Scout Tower
05:56 Keep
06:17 Guard Tower
06:22 Guard Tower
07:16 Scout Tower
07:19 Guard Tower
07:23 Scout Tower
07:24 Scout Tower
07:43 Scout Tower
07:44 Guard Tower
07:57 Scout Tower
07:58 Scout Tower
07:59 Scout Tower
08:07 Guard Tower
08:14 Scout Tower
08:15 Scout Tower
08:19 Scout Tower
08:19 Scout Tower
08:30 Guard Tower
08:34 Scout Tower
08:35 Scout Tower
08:38 Guard Tower
08:47 Guard Tower
08:51 Blacksmith
08:53 Gryphon Aviary
09:02 Guard Tower
09:09 Guard Tower
09:10 Guard Tower
09:31 Guard Tower
09:51 Gryphon Aviary
10:46 Town Hall
11:15 Scout Tower
11:17 Scout Tower
11:18 Scout Tower
11:19 Scout Tower
11:50 Guard Tower
11:52 Scout Tower
11:53 Scout Tower
11:54 Scout Tower
11:55 Scout Tower
11:55 Scout Tower
11:56 Scout Tower
11:57 Scout Tower
11:58 Scout Tower
11:59 Scout Tower
12:09 Farm
12:09 Farm
12:10 Farm
12:11 Farm
12:22 Arcane Sanctum
12:31 Arcane Vault
12:41 Guard Tower
13:53 Lumber Mill
14:07 Lumber Mill
14:45 Castle
15:07 Scout Tower
15:08 Scout Tower
15:09 Scout Tower
15:30 Scout Tower
15:31 Scout Tower
15:45 Guard Tower
15:49 Scout Tower
15:51 Scout Tower
15:55 Scout Tower
17:31 Guard Tower
17:47 Scout Tower
17:48 Scout Tower
17:48 Scout Tower
17:49 Scout Tower
17:50 Scout Tower
17:50 Scout Tower
17:51 Scout Tower
17:52 Scout Tower
17:54 Scout Tower
17:54 Scout Tower
17:55 Scout Tower
17:56 Scout Tower
18:00 Guard Tower
18:04 Scout Tower
18:05 Scout Tower
18:05 Scout Tower
18:06 Scout Tower
18:15 Guard Tower
18:23 Scout Tower
18:24 Scout Tower
18:27 Scout Tower
18:28 Scout Tower
18:29 Scout Tower
18:30 Scout Tower
18:31 Scout Tower
18:31 Scout Tower
18:32 Scout Tower
18:33 Scout Tower
18:38 Scout Tower
18:39 Scout Tower
18:47 Guard Tower
19:10 Guard Tower
19:16 Guard Tower
19:21 Scout Tower
19:21 Scout Tower
19:22 Scout Tower
19:25 Scout Tower
19:25 Scout Tower
19:26 Scout Tower
19:35 Barracks
20:02 Guard Tower
20:09 Scout Tower
20:10 Scout Tower
20:14 Scout Tower
20:15 Scout Tower
20:41 Guard Tower
21:03 Guard Tower
21:04 Scout Tower
21:04 Scout Tower
21:05 Scout Tower
22:10 Arcane Vault
22:13 Guard Tower
22:21 Guard Tower
22:24 Scout Tower
22:25 Scout Tower
22:28 Scout Tower
22:29 Scout Tower
22:31 Scout Tower
22:33 Scout Tower
22:36 Scout Tower
22:37 Scout Tower
22:38 Scout Tower
22:50 Guard Tower
22:53 Scout Tower
22:55 Scout Tower
22:56 Scout Tower
23:00 Guard Tower
23:06 Scout Tower
23:30 Scout Tower
23:32 Scout Tower
23:34 Guard Tower
23:39 Guard Tower
23:41 Scout Tower
23:41 Scout Tower
23:43 Scout Tower
24:00 Scout Tower
24:01 Scout Tower
24:02 Scout Tower
24:03 Scout Tower
24:04 Scout Tower
24:04 Scout Tower
24:12 Scout Tower
24:13 Scout Tower
24:14 Scout Tower
24:14 Scout Tower
24:18 Guard Tower
25:00 Guard Tower
25:05 Guard Tower
25:09 Scout Tower
25:10 Scout Tower
25:11 Scout Tower
25:13 Scout Tower
26:08 Guard Tower
26:13 Scout Tower
26:14 Scout Tower
26:16 Guard Tower
26:55 Scout Tower
26:56 Scout Tower
26:57 Scout Tower
26:58 Scout Tower
26:58 Scout Tower
27:16 Guard Tower
27:20 Guard Tower
27:51 Scout Tower
27:51 Scout Tower
27:53 Scout Tower
27:53 Scout Tower
28:36 Scout Tower
28:36 Scout Tower
28:48 Scout Tower
28:49 Scout Tower
28:52 Scout Tower
28:57 Scout Tower
29:03 Scout Tower
29:04 Scout Tower
29:12 Guard Tower
29:14 Scout Tower
29:15 Scout Tower
30:10 Guard Tower
30:32 Guard Tower
31:02 Town Hall
31:40 Scout Tower
31:41 Scout Tower
31:42 Scout Tower
32:09 Arcane Vault
32:35 Guard Tower
32:48 Scout Tower
32:49 Scout Tower
32:50 Scout Tower
32:50 Scout Tower
33:28 Guard Tower
33:29 Scout Tower
33:31 Scout Tower
33:34 Guard Tower
33:41 Scout Tower
33:41 Scout Tower
33:45 Scout Tower
33:46 Scout Tower
34:04 Guard Tower
34:06 Scout Tower
34:33 Guard Tower
34:35 Scout Tower
34:36 Scout Tower
34:40 Scout Tower
35:00 Scout Tower
35:01 Scout Tower
35:02 Scout Tower
35:03 Guard Tower
35:20 Scout Tower
35:21 Scout Tower
35:22 Scout Tower
35:24 Scout Tower
35:26 Scout Tower
35:33 Guard Tower
36:22 Guard Tower
36:24 Scout Tower
36:25 Scout Tower
37:16 Arcane Tower
37:18 Scout Tower
37:18 Scout Tower
37:29 Scout Tower
37:31 Guard Tower
37:32 Arcane Tower
37:34 Scout Tower
37:34 Scout Tower
37:37 Scout Tower
37:53 Arcane Tower
38:00 Arcane Tower
38:01 Scout Tower
38:02 Scout Tower
38:07 Guard Tower
38:10 Guard Tower
38:15 Scout Tower
38:16 Scout Tower
38:52 Guard Tower
39:07 Guard Tower
39:18 Scout Tower
39:18 Scout Tower
40:01 Guard Tower
40:05 Scout Tower
40:06 Scout Tower
40:22 Altar of Kings
40:23 Altar of Kings
40:39 Guard Tower
40:40 Scout Tower
40:41 Scout Tower
40:45 Farm
40:57 Guard Tower
41:20 Guard Tower
41:31 Guard Tower
41:54 Scout Tower
41:55 Scout Tower
41:56 Scout Tower
41:56 Scout Tower
41:57 Scout Tower
42:03 Farm
42:14 Guard Tower
49:13 Guard Tower
54:42 Town Hall
56:11 Scout Tower
56:13 Scout Tower
56:15 Scout Tower
56:15 Scout Tower
56:16 Scout Tower
56:17 Scout Tower
57:17 Guard Tower
57:55 Guard Tower
58:03 Scout Tower
58:05 Scout Tower
58:07 Scout Tower
58:08 Scout Tower
58:47 Guard Tower
60:17 Guard Tower
60:34 Scout Tower
60:35 Scout Tower
60:36 Scout Tower
60:37 Scout Tower
60:38 Scout Tower
60:39 Scout Tower
61:52 Workshop
61:53 Workshop
61:55 Workshop
61:57 Workshop
61:59 Workshop
62:00 Workshop
62:02 Workshop
62:03 Workshop
62:05 Workshop
62:07 Workshop
62:08 Workshop
62:09 Workshop
62:30 Guard Tower
62:50 Town Hall
63:09 Workshop
63:11 Workshop
63:12 Workshop
63:13 Workshop
63:15 Workshop
63:16 Workshop
94:06 Arcane Vault
» items
                
                | Healing Salve | 2 |  | 
| Lesser Clarity Potion | 2 |  | 
| Orb of Lightning | 3 |  | 
| Belt of Giant Strength +6 | 2 |  | 
| Staff of Sanctuary | 3 |  | 
| Sobi Mask | 1 |  | 
| Scroll of Regeneration | 1 |  | 
| Potion of Healing | 1 |  | 
| Potion of Mana | 1 |  | 
| Inferno Stone | 1 |  | 
| Ankh of Reincarnation | 1 |  | 
| Runed Bracers | 1 |  | 
                19 total
  
                Chat log
          (00:12 / Allies) BEAR_AND: seriosu?
(00:13 / Allies) TIMG4STRok: ok?
(00:14 / Allies) TIMG4STRok: yes
(00:18 / Allies) BEAR_AND: i got
(00:24 / Allies) TIMG4STRok: i got
(00:44 / Allies) BEAR_AND: so right across by tav right?
(00:59 / Allies) BEAR_AND: jesus
(01:00 / Allies) BEAR_AND: that shuge
(01:23 / Allies) TIMG4STRok: this guy fuckin sounds retarded
(01:29 / Allies) TIMG4STRok: lwets get eight hundwed towas
(01:43 / Allies) iggy_the_fisk: i have just about all of them preemptively muted lucky me,
(01:50 / Allies) BEAR_AND: this impossible
(01:50 / Allies) TIMG4STRok: i unmuted
(01:57 / Allies) TIMG4STRok: stfu and do it
(02:33 / Allies) TIMG4STRok: a noob
(04:42 / All) smerb.com.com: comer
(05:31 / Allies) TIMG4STRok: share
(07:54 / Allies) TIMG4STRok: tower mains a little
(09:02 / Allies) TIMG4STRok: lum
(11:02 / Allies) TIMG4STRok: sources
(11:31 / Allies) iggy_the_fisk: make a sorc
(11:36 / Allies) iggy_the_fisk: do they have  a unit i do not know
(11:40 / Allies) iggy_the_fisk: but i intend to imprison it
(14:01 / Allies) TIMG4STRok: tower mid
(14:23 / Allies) Gobiner: lumber plz
(15:29 / All) smerb.com.com: i see you tasta
(15:31 / All) smerb.com.com: i see you
(15:36 / All) TIMG4STRok: tatsa
(15:41 / All) smerb.com.com: kakak
(15:56 / Allies) Gobiner: anybody want scourge bone chimes
(15:59 / Allies) Gobiner: I got extra
(16:10 / Allies) iggy_the_fisk: sorc + human tier 3 plix
(16:14 / Allies) BEAR_AND: ok
(17:36 / All) smerb.com.com: The Baron claims his first victumm
(17:38 / All) TIMG4STRok: rUDE
(18:58 / Allies) Gobiner: welp
(19:00 / Allies) TIMG4STRok: bat
(19:06 / Allies) Gobiner: sending
(19:34 / Allies) Gobiner: hahahaha
(19:36 / Allies) Gobiner: stuck back there
(20:50 / Allies) TIMG4STRok: lum
(22:43 / Allies) TIMG4STRok: this gonna be sweet
(23:12 / Allies) Gobiner: halp
(24:11 / Allies) Gobiner: sending help would be cool
(24:23 / Allies) BEAR_AND: to what
(24:25 / Allies) BEAR_AND: also get in chan
(26:17 / Allies) TIMG4STRok: no
(26:18 / Allies) TIMG4STRok: sotp
(26:18 / Allies) TIMG4STRok: no
(26:19 / Allies) TIMG4STRok: no
(26:19 / Allies) TIMG4STRok: no
(26:20 / Allies) TIMG4STRok: fuck
(27:45 / Allies) Gobiner: anybody need str belts
(28:46 / Allies) iggy_the_fisk: the unit hijack perfected
(28:47 / Allies) iggy_the_fisk: excep
(28:50 / Allies) iggy_the_fisk: he can chop out
(29:43 / All) MR.RAPE: breaking the rules
(34:43 / All) iggy_the_fisk: whups
(34:47 / All) iggy_the_fisk: sorry about your worker
(34:48 / All) MR.RAPE: fps
(37:18 / All) smerb.com.com: da fukkin fatty got an ahnk
(37:25 / All) TIMG4STRok: OWNEd
(40:02 / All) TIMG4STRok: curse you
(40:03 / All) MR.RAPE: MADE HIM PAY FOR THAT 
(40:21 / All) smerb.com.com: u kill that wagon
(40:24 / All) smerb.com.com: you die
(40:30 / All) iggy_the_fisk: could you do it
(40:31 / All) iggy_the_fisk: with say
(40:35 / All) smerb.com.com: Bwahahaha now its on
(40:37 / All) iggy_the_fisk: a fiend or an abomination
(40:44 / All) iggy_the_fisk: make an abomination thank you in advance
(41:03 / Allies) Gobiner: need mana for bstorm
(43:04 / Allies) BEAR_AND: 13fps
(43:04 / All) iggy_the_fisk: nope thos are not abominations
(45:26 / All) smerb.com.com: hahahah BEeyotch
(45:41 / All) smerb.com.com: snuck em out da back door
(49:48 / Allies) BEAR_AND: 9fps
(49:53 / Allies) Gobiner: 30
(49:55 / Allies) Gobiner: here
(50:32 / Allies) iggy_the_fisk: 1280x1024 16x antialiasing 16x anisotropic 60 fps
(50:38 / All) TIMG4STRok: RUN
(50:47 / All) TheNumber1-B: lawl
(51:23 / All) MR.RAPE: lol
(51:33 / Allies) Gobiner: necrowagon
(51:52 / All) iggy_the_fisk: this prisoner misbehaving
(51:56 / All) iggy_the_fisk: remember what happened to the last?
(52:00 / All) smerb.com.com: ya like what ya see beyotch
(52:34 / All) BEAR_AND: red panda
(52:36 / All) BEAR_AND: slide
(53:39 / Allies) BEAR_AND: 6fps
(53:42 / Allies) iggy_the_fisk: did they have necrowagon somewhere?
(53:46 / Allies) BEAR_AND: 4ps
(53:50 / Allies) TIMG4STRok: turn off unit shadows and shit
(53:51 / Allies) Gobiner: yes
(53:54 / Allies) Gobiner: purples base
(54:59 / All) TheNumber1-B: how u like my harassment kiddos
(56:55 / All) smerb.com.com: how u like my army of the dead ^_^
(57:00 / All) iggy_the_fisk: you need to move a fiend
(57:02 / All) iggy_the_fisk: a bit forward
(57:05 / All) iggy_the_fisk: or to theright
(58:03 / All) TheNumber1-B: i like ur kodos iggy
(58:26 / All) Gobiner: gl hf gg
(58:59 / Allies) BEAR_AND: 4 fdps
(59:45 / Allies) Gobiner: couldn't control hero
(59:46 / Allies) Gobiner: v. gay
(59:47 / All) BEAR_AND: andybody know the words to jack and diane
(59:51 / All) iggy_the_fisk: steams to me
(59:55 / All) iggy_the_fisk: you are missing a necromancer
(60:19 / All) smerb.com.com: You're fucking loony!
(60:42 / All) iggy_the_fisk: hope you don't need that food for anything
(60:44 / All) iggy_the_fisk: frikkin owned
(60:54 / All) smerb.com.com: gl hf
(62:32 / All) iggy_the_fisk: whups
(62:33 / All) iggy_the_fisk: sorry
(62:47 / All) iggy_the_fisk: *your necromancer had an accident
(62:48 / All) BEAR_AND: dont u know awhat the geneva convention
(64:55 / All) smerb.com.com: FUCK 
(65:00 / All) smerb.com.com: FUCK
(67:37 / Allies) BEAR_AND: 2fps
(68:22 / All) TheNumber1-B: leet like jeff k
(68:30 / All) Gobiner: SO IF YUO HAVE GOOD TASTE, YUO CANT BEAT A TEH HUMANS!!!
(68:57 / All) smerb.com.com: I agree
(69:11 / Allies) TIMG4STRok: gobiner stop making towers
(69:13 / Allies) TIMG4STRok: cancel them
(69:18 / Allies) Gobiner: why
(69:21 / Allies) TIMG4STRok: lags us
(69:27 / Allies) TIMG4STRok: gotta start killing
(69:33 / Allies) Gobiner: we need to close this gap at least
(70:11 / All) TIMG4STRok: honk honk
(70:20 / All) TheNumber1-B: HONK
(70:22 / All) TheNumber1-B: HONK HONK
(73:20 / All) iggy_the_fisk: I said NO
(73:33 / All) iggy_the_fisk: you want to go in the hole?
(73:37 / All) iggy_the_fisk: here's a hint you don't
(74:20 / Allies) Gobiner: 30
(75:08 / All) smerb.com.com: sunflame was here
(75:23 / All) smerb.com.com: you guys know the statement
(75:26 / All) smerb.com.com: kilroy was here
(75:35 / All) BEAR_AND: like mr roboto
(76:27 / All) smerb.com.com: FUCK
(76:29 / All) smerb.com.com: HNO
(76:29 / All) smerb.com.com: BNIO
(76:34 / All) iggy_the_fisk: fucking hurry
(76:35 / All) iggy_the_fisk: aah
(76:36 / All) smerb.com.com: not the mauler
(77:00 / All) smerb.com.com: i had to wait
(77:05 / All) smerb.com.com: a night for that to cooldown
(77:19 / All) TIMG4STRok: STOP
(77:20 / All) TIMG4STRok: no
(77:25 / All) BEAR_AND: lmao
(77:59 / All) smerb.com.com: 61 fps
(78:04 / All) smerb.com.com: this shiat is crazy
(78:20 / All) iggy_the_fisk: 60 fps all over the map how u like it girls
(78:27 / All) TheNumber1-B: how u like it GIRLS
(78:27 / Allies) BEAR_AND: really iggy
(78:31 / All) smerb.com.com: join the club ya clownboat
(78:41 / Allies) iggy_the_fisk: really bear
(79:06 / Allies) Gobiner: I have the best items
(79:15 / Allies) TIMG4STRok: kill this gay fag pink panda
(79:19 / Allies) Gobiner: can't
(79:57 / All) TheNumber1-B: ROFL
(79:59 / All) TheNumber1-B: UR PRISONERS
(80:06 / All) iggy_the_fisk: what about em
(80:22 / All) smerb.com.com: they want food
(80:44 / All) TheNumber1-B: give em some food my boy
(81:05 / All) iggy_the_fisk: as a show of good faith
(81:10 / All) iggy_the_fisk: the new arrival may have a sip
(81:25 / All) iggy_the_fisk: full health
(81:29 / Allies) Gobiner: holy shity
(81:32 / Allies) Gobiner: gold mine running low
(84:12 / Allies) Gobiner: hm
(85:05 / Allies) Gobiner: runed bracers might be a good idea
(86:03 / Allies) Gobiner: can I get a scan?
(87:13 / All) iggy_the_fisk: Opening up my auxilliary facility
(87:21 / All) TheNumber1-B: i been waitin for this
(87:27 / All) TIMG4STRok: WOOPS wrong one
(87:37 / All) smerb.com.com: la la
(87:39 / All) smerb.com.com: na na na
(87:44 / All) TheNumber1-B: GL ... HF
(89:53 / Allies) Gobiner: plenty of wyrms
(90:20 / All) TheNumber1-B: i like to play friends with my friends
(90:41 / All) BEAR_AND: that what she said
(93:02 / All) smerb.com.com: one prisoner decides hes had enough
(93:10 / All) TheNumber1-B: i love ur prisoners
(93:20 / All) TIMG4STRok: unholy frenzy brings him to 1 hp only
(93:26 / All) BEAR_AND: hunger strike
(93:34 / All) smerb.com.com: its a protest
(93:43 / All) BEAR_AND: against autism
(93:58 / All) iggy_the_fisk: one last warning
(94:02 / All) iggy_the_fisk: Or it's solitary for you
(94:08 / All) iggy_the_fisk: that's it
(95:14 / All) smerb.com.com: bwahaha
(95:38 / All) TheNumber1-B: I GET IT?
(95:47 / All) BEAR_AND: psshshhhh
(97:52 / All) TheNumber1-B: FUCK U
(98:14 / All) TheNumber1-B: gg wp
(98:17 / All) TIMG4STRok: gg
(98:25 / All) BEAR_AND: weop
(98:28 / All) TIMG4STRok: well keith, its been nice
(98:30 / All) smerb.com.com: a heartbreaker
(98:35 / All) smerb.com.com: its been a pleasure
(98:36 / All) BEAR_AND: ketih always classy & sportmanlike